 Dungeon Crawl Stone Soup version 0.30.1-11-g7821555f0a (webtiles) character file.

Game seed: 419980169054576432

41960 bnorton916 the Devastator (level 13, -2/63 HPs)
             Began as a Deep Elf Conjurer on Jan 12, 2024.
             Was an Initiate of Gozag.
             Slain by a ten-headed hydra (7 damage)
             ... on level 10 of the Dungeon on Jan 13, 2024.
             The game lasted 00:51:54 (32612 turns).

bnorton916 the Devastator (Deep Elf Conjurer)      Turns: 32612, Time: 00:51:55

Health: -2/63      AC: 12    Str:  9    XL:     13   Next: 82%
Magic:  25/43      EV: 17    Int: 30    God:    Gozag
Gold:   2356       SH:  0    Dex: 13    Spells: 22/43 levels left

rFire   . . .        M - staff of conjuration "Mewoitt" {Will+}
rCold   . . .        (no shield)
rNeg    . . .        c - +2 robe of the Frog {Str+3 Archmagi}
rPois   .            T - +0 helmet
rElec   .            F - +1 cloak
rCorr   .            s - +1 pair of gloves of Buedius {Regen+ Int+3 Slay+3}
SInv    .            o - +1 pair of boots
Will    ++...        J - amulet of regeneration
Stlth   ++           l - ring of magical power
HPRegen 1.90/turn    H - +5 ring of evasion
MPRegen 0.28/turn

%: archmagi
@: gold aura
A: no striking features
a: Renounce Religion, Potion Petition, Call Merchant, Bribe Branch


You were on level 10 of the Dungeon.
You worshipped Gozag.
Gozag was most pleased with you.
You visited 3 branches of the dungeon, and saw 17 of its levels.
You also visited: Bailey.

You collected 4714 gold pieces.
You spent 1631 gold pieces at shops.
You paid 727 gold pieces to Gozag.

Inventory:

Missiles
 u - 4 curare-tipped darts
 D - 2 silver javelins
Armour
 c - the +2 robe of the Frog (worn) {Str+3 Archmagi}
   (You bought it in a shop on level 11 of the Dungeon)

   Str:       It affects your strength (+3).
   Archmagi:  It increases the power of your magical spells.
 o - a +1 pair of boots (worn)
 s - the +1 pair of gloves of Buedius (worn) {Regen+ Int+3 Slay+3}
   (You bought it in a shop on level 11 of the Dungeon)

   Int:       It affects your intelligence (+3).
   Slay:      It affects your accuracy & damage with ranged weapons and melee
   (+3).
   Regen:     It increases your rate of health regeneration.
 F - a +1 cloak (worn)
 T - a +0 helmet (worn)
Magical Staves
 w - a staff of fire
 M - the staff of conjuration "Mewoitt" (weapon) {Will+}
   (You found it in a bailey)

   [staff of conjuration]

   Base accuracy: +5 Base damage: 5 Base attack delay: 1.2 This weapon's minimum
   attack delay (0.6) is reached at skill level 12.
   Will:      It increases your willpower.
   It falls into the 'Staves' category.
   It is a one-handed weapon.
Jewellery
 a - a ring of fire
 e - a ring of positive energy
 j - a ring of resist corrosion
 l - a ring of magical power (left hand)
 H - a +5 ring of evasion (right hand)
 J - an amulet of regeneration (around neck)
Wands
 y - a wand of paralysis (4)
 C - a wand of flame (22)
 O - a wand of polymorph (7)
 R - a wand of roots (16)
 S - a wand of mindburst (3)
Scrolls
 f - a scroll of blinking
 g - 12 scrolls of teleportation
 k - 3 scrolls of amnesia
 r - a scroll of magic mapping
 t - a scroll of enchant weapon
 v - 2 scrolls of fear
 A - 2 scrolls of summoning
 I - 7 scrolls of fog
Potions
 b - 8 potions of magic
 d - 2 potions of resistance
 h - 6 potions of haste
 i - 10 potions of curing
 m - 3 potions of lignification
 n - 3 potions of invisibility
 p - 2 potions of attraction
 q - 5 potions of heal wounds
 x - 2 potions of berserk rage
 B - 2 potions of cancellation {unknown}
 G - 2 potions of ambrosia {unknown}
 N - a potion of might {unknown}
 P - 2 potions of flight {unknown}
 U - 3 potions of degeneration {unknown}
 X - 4 potions of brilliance {unknown}
Miscellaneous
 Z - a lightning rod (4/4)


   Skills:
 - Level 4.0 Armour
 - Level 2.4 Dodging
 - Level 2.4 Stealth
 - Level 4.0 Shields
 - Level 15.9 Spellcasting
 + Level 20.2 Conjurations
 - Level 6.1 Hexes
 - Level 5.1 Translocations


You had 22 spell levels left.
You knew the following spells:

 Your Spells              Type           Power      Damage    Failure   Level
a - Magic Dart            Conj           100%       1d8       0%          1
b - Searing Ray           Conj           100%       2d8       0%          2
c - Iskenderun's Mystic   Conj/Tloc      100%       2d19      1%          4
d - Fulminant Prism       Conj/Hex       62%        3d26      1%          4
e - Tukima's Dance        Hex            74%        N/A       1%          3
f - Orb of Destruction    Conj           72%        9d17      1%          7

Your spell library contained the following spells:

 Spells                   Type           Power      Damage    Failure   Level
 Summon Small Mammal      Summ           100%       N/A       1%          1
 Dazzling Flash           Conj/Hex       100%       N/A       1%          3
 Hailstorm                Conj/Ice       100%       3d20      1%          3
 Summon Guardian Golem    Hex/Summ       59%        N/A       1%          3
 Volatile Blastmotes      Fire/Tloc      100%       2d18      1%          3
 Passage of Golubria      Tloc           69%        N/A       2%          4
 Cigotuvi's Dreadful Rot  Necr/Pois/Air  70%        N/A       3%          2
 Sublimation of Blood     Necr           35%        N/A       3%          2
 Wereblood                Tmut           35%        N/A       3%          2
 Call Canine Familiar     Summ           35%        N/A       6%          3
 Yara's Violent Unravell  Hex/Tmut       29%        3d12      16%         5
 Ice Form                 Ice/Tmut       35%        N/A       19%         4
 Spellforged Servitor     Conj/Summ      56%        N/A       26%         7
 Lee's Rapid Deconstruct  Erth           17%        3d11*     47%         5
 Summon Hydra             Summ           17%        N/A       100%        7
 Discord                  Hex            37%        N/A       100%        8
 Simulacrum               Ice/Necr       Unusable   N/A       N/A         6

Dungeon Overview and Level Annotations

Branches:
Dungeon (11/15)            Temple (1/1) D:6            Lair (5/5) D:11
  Swamp (0/4) Lair:3       Spider (0/4) Lair:3        Slime (0/5) Lair:4
    Orc (0/2) D:9          Bailey (visited)

Altars:
Ashenzari
Cheibriados
Dithmenos
Elyvilon
Fedhas
Gozag
Hepliaklqana
Kikubaaqudgha
Makhleb
Nemelex Xobeh
Okawaru
Qazlal
Ru
Sif Muna
Trog
Uskayaw
Vehumet
Wu Jian
Xom
Yredelemnul
Zin
The Shining One
Jiyva

Shops:
D:3 (   D:9 [   D:11 [   Lair:1 :

Annotations:
D:10 anacleto's ghost, journeyman TrGl
Lair:5 2 transporters, booth's ghost, journeyman MiFi


Message History

The nine-headed hydra is almost dead.
The nine-headed hydra is knocked back by the mystic blast.
The nine-headed hydra slams into the stone wall!
You kill the nine-headed hydra!
The mystic blast hits the ten-headed hydra!
The ten-headed hydra is moderately wounded.
The ten-headed hydra is knocked back by the mystic blast.
Unknown command.
Unknown command.
Unknown command.
Casting: Iskenderun's Mystic Blast (safe; 1% risk of failure)
Confirm with . or Enter, or press ? or * to list all spells.
You feel a strong surge of power!
You erupt in a blast of force!
The mystic blast hits the ten-headed hydra!!
The ten-headed hydra is severely wounded.
The ten-headed hydra is knocked back by the mystic blast.
Unknown command.
Unknown command.
Casting: Iskenderun's Mystic Blast (safe; 1% risk of failure)
Confirm with . or Enter, or press ? or * to list all spells.
You feel a strong surge of power!
You erupt in a blast of force!
The mystic blast hits anacleto's ghost!!
Anacleto's ghost is moderately damaged.
Anacleto's ghost is knocked back by the mystic blast.
The mystic blast hits the ten-headed hydra!!
The ten-headed hydra is almost dead.
The ten-headed hydra barely misses you. The ten-headed hydra bites you.
The ten-headed hydra bites you! x2
The ten-headed hydra closely misses you.
The ten-headed hydra bites you. The ten-headed hydra bites you!
The ten-headed hydra bites you.
* * * LOW HITPOINT WARNING * * *
The ten-headed hydra bites you but does no damage. x2
The ten-headed hydra misses you. x2
The ten-headed hydra bites you but does no damage.
The ten-headed hydra bites you!
* * * LOW HITPOINT WARNING * * *
The ten-headed hydra bites you!
You die...
Your body crumbles into a pile of gold.

#...# #...# #...# #### #...#
#..##### #########...##
###......# #.............
#....######## #.........≈...
#...##...##.###.............
####.##.....#@.##########...##
###.##.#......D...#.......#...##
##......#.}.W..'...........#...#.
.#....#.#♣.....'.###.#.....#...#.
....#...##.:!.$#.# ###.....#...#.
.####.##.##♣♣~##.# ###.....#...#.
..........######## #.......#...#.
##...........# ##......#...#.
##..#........########......#####.


You could see a ten-headed hydra and anacleto's ghost.

Vanquished Creatures
  An orc warlord (Bailey)
  The ghost of PaiMei the Purveyor of Pain, a journeyman DsNe of Kikubaaqudgha (Lair:3)
  2 hydras
  A catoblepas (Lair:5)
  A deep troll shaman (Lair:5)
  8 death yaks
  An orb spider (Lair:3)
  2 bog bodies (Lair:3)
  A lindwurm (Lair:5)
  An ugly thing (D:11)
  A rust devil (D:11)
  6 elephants (Lair:5)
  3 kobold demonologists (D:9)
  An orange demon (D:11)
  5 rime drakes
  5 cane toads
  9 komodo dragons
  An unseen horror (D:11)
  A troll (D:9)
  A red devil (D:11)
  4 polar bears
  Prince Ribbit (D:8)
  6 dream sheep (Lair:4)
  8 blink frogs (Lair:5)
  2 slime creatures (Lair:4)
  Sigmund (D:4)
  46 yaks
  A ynoxinul (D:11)
  4 basilisks
  A chaos spawn (D:11)
  A steam dragon (D:9)
  A death yak simulacrum (Lair:3)
  2 swamp worms (Lair:3)
  An acid dragon (D:11)
  18 water moccasins
  2 wargs
  A hydra simulacrum (Lair:3)
  A sky beast (D:7)
  6 orc warriors
  A hornet zombie (D:6)
  6 black bears
  A black mamba simulacrum (Lair:3)
  5 centaurs
  8 ogres
  18 wolves
  16 bullfrogs
  3 gnoll sergeants
  2 scorpions
  A water moccasin zombie (D:6)
  5 wights (D:7)
  8 killer bees
  An elephant simulacrum (Lair:3)
  3 howler monkeys (D:10)
  An electric eel (Lair:3)
  4 bullfrog zombies (D:6)
  6 jellies
  10 orc priests
  A bullfrog skeleton (D:6)
  3 hounds
  2 gnoll boudas
  4 iguanas
  18 orc wizards
  3 basilisk simulacra (Lair:3)
  25 gnolls
  A howler monkey skeleton (D:6)
  8 adders
  2 white imps (D:5)
  An ufetubus (D:6)
  3 worms
  A dart slug (D:4)
  44 orcs
  8 ball pythons
  5 bats
  6 endoplasms
  3 giant cockroaches
  15 goblins
  8 hobgoblins
  4 jackals (D:3)
  5 quokkas
  A frilled lizard (D:2)
  22 kobolds
  5 rats
456 creatures vanquished.

Vanquished Creatures (others)
  A dancing weapon (Bailey)
  A quokka (D:7)
  103 fulminant prisms
105 creatures vanquished.

Grand Total: 561 creatures vanquished

Notes
Turn   | Place    | Note
-------+----------+-------------------------------------------
     0 | D:1      | bnorton916 the Deep Elf Conjurer began the quest for the
                  | Orb.
     0 | D:1      | Reached XP level 1. HP: 10/10 MP: 6/6
    61 | D:1      | Found a faded altar of an unknown god.
   817 | D:2      | Reached XP level 2. HP: 15/15 MP: 2/8
   820 | D:2      | Learned a level 2 spell: Searing Ray
  1391 | D:2      | Reached skill level 5 in Conjurations
  1391 | D:2      | Reached XP level 3. HP: 19/19 MP: 2/10
  1893 | D:2      | Reached XP level 4. HP: 24/24 MP: 12/12
  2738 | D:3      | Reached skill level 5 in Spellcasting
  2798 | D:3      | Found Cerodgh's Weapon Shop.
  2870 | D:3      | Got the Discursus on the Cunning Black Widow
  3229 | D:4      | Noticed Sigmund
  3234 | D:4      | Killed Sigmund
  3235 | D:4      | Reached skill level 6 in Conjurations
  3235 | D:4      | Reached XP level 5. HP: 19/28 MP: 15/15
  3235 | D:4      | Reached XP level 6. HP: 21/32 MP: 17/17
  3277 | D:4      | Learned a level 4 spell: Iskenderun's Mystic Blast
  3282 | D:4      | Learned a level 4 spell: Fulminant Prism
  3478 | D:4      | Reached skill level 1 in Hexes
  3587 | D:4      | Reached skill level 1 in Translocations
  4052 | D:4      | Reached XP level 7. HP: 36/36 MP: 19/19
  4258 | D:4      | Reached skill level 7 in Conjurations
  4737 | D:5      | Entered Level 5 of the Dungeon
  4997 | D:5      | Reached XP level 8. HP: 41/41 MP: 21/21
  6149 | D:5      | Reached skill level 5 in Hexes
  6157 | D:5      | Reached skill level 8 in Conjurations
  6707 | D:6      | Reached skill level 5 in Translocations
  7646 | D:6      | Reached XP level 9. HP: 31/45 MP: 24/24
  8496 | D:6      | Found a staircase to the Ecumenical Temple.
  8546 | D:6      | Found a shimmering blue altar of Sif Muna.
  8555 | D:6      | Found a glowing golden altar of the Shining One.
  8587 | D:6      | Reached skill level 9 in Conjurations
  8606 | Temple   | Entered the Ecumenical Temple
  8871 | Temple   | Became a worshipper of Gozag Ym Sagoz the Greedy
  9294 | D:6      | Reached skill level 10 in Spellcasting
  9878 | D:7      | Reached skill level 10 in Conjurations
 11026 | D:7      | Found a white marble altar of Elyvilon.
 11806 | D:8      | Reached XP level 10. HP: 44/50 MP: 27/28
 11829 | D:8      | Learned a level 3 spell: Tukima's Dance
 11866 | D:8      | Found a flagged portal.
 11881 | Bailey   | Entered a bailey
 12169 | Bailey   | Noticed an orc warlord
 12225 | Bailey   | Reached skill level 11 in Conjurations
 12511 | Bailey   | Found a runed translucent gate.
 12511 | Bailey   | Found a runed translucent gate.
 12517 | Bailey   | Found a runed translucent gate.
 12587 | Bailey   | Killed an orc warlord
 12735 | Bailey   | Identified the staff of conjuration "Mewoitt" {Will+}
 12835 | D:8      | Acquired 512 gold pieces
 14149 | D:8      | Noticed Prince Ribbit
 14159 | D:8      | Killed Prince Ribbit
 14604 | D:9      | Reached skill level 1 in Shields
 14847 | D:9      | Found the +7 staff of the Meek {protect, meekguard}
 14894 | D:9      | Reached skill level 12 in Conjurations
 15733 | D:9      | Noticed a soul eater
 15976 | D:9      | Reached XP level 11. HP: 26/54 MP: 20/31
 16436 | D:9      | HP: 2/54 [yak (14)]
 17180 | D:9      | Found a staircase to the Orcish Mines.
 17370 | D:9      | Found Uxtee's Antique Armour Boutique.
 17378 | D:9      | Bought an encrusted ring mail for 225 gold pieces
 17378 | D:9      | Identified the +5 ring mail "Biach" {Rampage Int+4} (You
                  | bought it in a shop on level 9 of the Dungeon)
 17650 | D:10     | Entered Level 10 of the Dungeon
 17826 | D:10     | Reached skill level 13 in Conjurations
 17831 | D:10     | Reached skill level 15 in Spellcasting
 18403 | D:10     | Found a runed translucent gate.
 18403 | D:10     | Found a runed translucent gate.
 18403 | D:10     | Found a runed translucent gate.
 18406 | D:10     | Noticed anacleto's ghost (journeyman TrGl)
 18406 | D:10     | Noticed a ten-headed hydra
 18407 | D:10     | Noticed a nine-headed hydra
 19345 | D:10     | Found a radiant altar of Vehumet.
 19787 | D:11     | Found Sygorem's Antique Armour Boutique.
 19790 | D:11     | Bought a pair of faintly humming gloves for 304 gold pieces
 19790 | D:11     | Identified the +1 pair of gloves of Buedius {Regen+ Int+3
                  | Slay+3} (You bought it in a shop on level 11 of the
                  | Dungeon)
 19790 | D:11     | Bought a pair of runed boots for 240 gold pieces
 20080 | D:11     | Bought a slimy robe for 182 gold pieces
 20080 | D:11     | Identified the +2 robe of the Frog {Str+3 Archmagi} (You
                  | bought it in a shop on level 11 of the Dungeon)
 20754 | D:11     | Noticed a red ugly thing
 20761 | D:11     | Killed a red ugly thing
 20936 | D:11     | Found a staircase to the Lair.
 21058 | Lair:1   | Entered Level 1 of the Lair of Beasts
 21061 | Lair:1   | Bought a book of Dangerous Friends for 680 gold pieces
 21069 | Lair:1   | Learned a level 7 spell: Orb of Destruction
 21125 | Lair:1   | Reached skill level 14 in Conjurations
 21257 | Lair:1   | Reached skill level 1 in Armour
 21560 | Lair:1   | You fall into a shaft and drop 1 floor!
 22712 | Lair:2   | Reached XP level 12. HP: 59/59 MP: 25/33
 24188 | Lair:3   | Found a runed translucent gate.
 24188 | Lair:3   | Found a runed translucent gate.
 24188 | Lair:3   | Found a runed translucent gate.
 24205 | Lair:3   | Noticed PaiMei's ghost (journeyman DsNe)
 24217 | Lair:3   | Killed PaiMei's ghost
 24218 | Lair:3   | Reached skill level 15 in Conjurations
 25573 | Lair:3   | Found a staircase to the Swamp.
 25865 | Lair:3   | Found a hole to the Spider Nest.
 25875 | Lair:3   | Reached skill level 16 in Conjurations
 26962 | Lair:4   | Noticed a death yak
 26967 | Lair:4   | Noticed a death yak
 26968 | Lair:4   | Noticed a death yak
 26973 | Lair:4   | Killed a death yak
 26974 | Lair:4   | Reached skill level 17 in Conjurations
 26977 | Lair:4   | Killed a death yak
 26979 | Lair:4   | Killed a death yak
 27185 | Lair:4   | Found a viscous altar of Jiyva.
 27199 | Lair:4   | Found a staircase to the Slime Pits.
 27684 | Lair:5   | Entered Level 5 of the Lair of Beasts
 27684 | Lair:5   | Found a frozen archway.
 27690 | Lair:5   | Reached XP level 13. HP: 63/63 MP: 21/34
 28250 | Lair:5   | Reached skill level 18 in Conjurations
 29792 | Lair:5   | Reached skill level 19 in Conjurations
 30065 | Lair:5   | Noticed a dire elephant
 30075 | Lair:5   | Found a transporter.
 30096 | Lair:5   | Found a transporter.
 30097 | Lair:5   | Noticed booth's ghost (journeyman MiFi)
 31395 | Lair:5   | Reached skill level 20 in Conjurations
 31636 | Lair:5   | Identified the +0 rapier of Wukagra {spect, rC- Will+
                  | Stlth+}
 31643 | Lair:5   | Identified the +0 barding of Etokuzue {rC+ rN+}
 32612 | D:10     | Slain by a ten-headed hydra

Illustrated notes

Levels and vault maps discovered:
D:1:      psy_arrival_radial02, layout_basic, chequers_ecumenical_altar_island,
          hex_intersection
D:2:      layout_loops_ring, grunt_ministairs_15
D:3:      layout_basic, serial_shops, shop
D:4:      cheibrodos_barr_body, layout_basic, serial_aquarium,
          aquarium_bridge_square [aquarium_subvault_wall,
          aquarium_subvault_bridge, aquarium_subvault_wall,
          aquarium_subvault_bridge], aquarium_window_corner, aquarium_window_3,
          aquarium_window_1, aquarium_view_2c, aquarium_balcony_5b, uniq_sigmund
D:5:      layout_basic, hangedman_decor_growths, wad_rectangle_vault
D:6:      layout_layer_cave, nicolae_sif_muna_little_library,
          mainiacjoe_overflow_alcove_2, minmay_temple_entry_large_hall,
          serial_undead, serial_undead_c, serial_undead_f, serial_undead_e,
          serial_undead_e
D:7:      layout_cave_pods, elyvilon_altar_4, kennysheep_generic_room_12
D:8:      layout_layer_cave, enter_bailey_3, kennysheep_another_room,
          uniq_prince_ribbit1
D:9:      layout_loops_ring, erik_orc_3, serial_shops, shop
D:10:     layout_cave_pools, mainiacjoe_overflow_paths,
          gammafunk_ghost_hydra_chop, roderic_cross_of_infinity,
          kennysheep_cross_bottleneck
D:11:     layout_basic, erik_lair_orcish_takeover, serial_demonic,
          serial_demonic_a, serial_demonic_g, serial_demonic_d,
          serial_demonic_b, serial_shops, nicolae_shop_behind_doors
Temple:   dpeg_five_rooms_temple
Lair:1:   layout_roguey
Lair:2:   layout_cave_shapes
Lair:3:   layout_chaotic_city, nicolae_swamp_entry_splash_gauntlet,
          nicolae_spider_entry_orb_guardian, gammafunk_ghost_icy,
          chequers_serial_rivers_micro_a, beast_lair_carwin_9
Lair:4:   layout_regular_city, minmay_slime_entry_pillars, lemuel_fruit_tree
Lair:5:   grunt_lair_end_beastmaster, layout_regular_city,
          gammafunk_ghost_berserking_beasts, portal_ice_cave_entry_pillars_1

Skill      XL: |  1  2  3  4  5  6  7  8  9 10 11 12 13 |
---------------+----------------------------------------+-----
Spellcasting   | 4 6 7 9 12 14 15 | 15.9
Conjurations   | 5 6 7 8 10 12 14 17 20 | 20.2
Hexes          | 2 4 6 |  6.1
Translocations | 2 3 5 |  5.1
Shields        | 3 4 |  4.0
Armour         | 2 4 |  4.0
Dodging        | |  2.4
Stealth        | |  2.4

Action                     |  1- 3 |  4- 6 |  7- 9 | 10-12 | 13-15 || total
---------------------------+-------+-------+-------+-------+-------++-------
  Melee: Staff             |       |       |       |     3 |    11 ||    14
   Cast: Magic Dart        |    62 |    89 |   135 |   154 |    14 ||   454
         Searing Ray       |     3 |    11 |    53 |    41 |     6 ||   114
         Iskenderun's Myst |       |       |    22 |    78 |    25 ||   125
         Fulminant Prism   |       |       |    14 |    82 |     8 ||   104
         Tukima's Dance    |       |       |       |     1 |       ||     1
         Orb of Destructio |       |       |       |    27 |    45 ||    72
 Invoke: Call Merchant     |       |       |       |     1 |       ||     1
  Evoke: Wand              |       |       |       |       |     2 ||     2
    Use: Scroll            |     3 |     7 |     5 |     8 |     2 ||    25
         Potion            |       |       |       |     1 |       ||     1
 Armour: Robe              |     2 |     4 |     9 |    13 |    22 ||    50
  Dodge: Dodged            |     2 |     9 |    57 |    79 |    46 ||   193
